[Event "Team 45 45 League T59"]
[Site "Internet Chess Club"]
[Date "2013.11.25"]
[Round "1"]
[White "AlPearson"]
[Black "akshayk06"]
[Result "1/2-1/2"]
[WhiteElo "1399"]
[BlackElo "1470"]
[Opening "QGD: Neo-orthodox variation, 7.Bh4"]
[ECO "D56"]
[Time "12:00:47"]
[TimeControl "2700+45"]

1. d4 d5 2. c4 e6 3. Nc3 Nf6 4. Nf3 Be7 5. Bg5 O-O 6. e3 h6 7. Bh4 Nbd7 8. Bd3
dxc4 9. Bxc4 a6 10. O-O b5 11. Bd3 Bb7 12. Rc1 Rc8 13. a3 c5 14. dxc5 Nxc5 15.
Be2 Qxd1 16. Rfxd1 Rfd8 17. Nd4 g5 18. Bg3 Nfe4 19. Nxe4 Nxe4 20. Bf3 Rxc1 21.
Rxc1 Nxg3 22. Bxb7 Rxd4 23. Rc8+ Rd8 24. hxg3 Rxc8 25. Bxc8 a5 26. Kf1 Bf6 27.
b3 Bb2 28. a4 bxa4 29. bxa4 e5 30. Ke2 Bc3 31. g4 Kg7 32. Kd3 Bb4 33. f4 gxf4
34. exf4 exf4 35. Ke4 Bd6 36. Kf5 f6 37. Ke6 Be5 38. Kd5 Kg6 39. Kc5 h5 40. Kb5
Bc3 41. Kc4 Be1 42. Kd5 h4 43. Ke4 Kg5 44. Kf3 Bg3 45. Ke4 Bf2 46. Kf3 {Game
drawn by mutual agreement} 1/2-1/2

[Event "Team 45 45 League T59"]
[Site "Internet Chess Club"]
[Date "2013.11.24"]
[Round "1"]
[White "losscause"]
[Black "drsigmund1"]
[Result "1-0"]
[WhiteElo "1602"]
[BlackElo "1608"]
[Opening "Queen's pawn"]
[ECO "A40"]
[Time "18:00:39"]
[TimeControl "2700+45"]

1. d4 e6 2. Nf3 b6 3. e4 d5 4. exd5 Qxd5 5. c4 Qd8 6. Be2 Bb7 7. O-O Nf6 8. Nc3
Bd6 9. Bg5 h6 10. Bh4 Nbd7 11. Rc1 O-O 12. Nd2 Qe8 13. Bf3 Bxf3 14. Qxf3 c5 15.
d5 Ne5 16. Qe2 Nfd7 17. Bg3 Qe7 18. Nde4 Rfe8 19. Nxd6 Qxd6 20. Nb5 Qb8 21. d6
Rc8 22. Bxe5 a6 23. Nc7 Ra7 24. Bg3 Nf6 25. Rcd1 Qb7 26. Rfe1 Rd8 27. Bh4 g5 28.
Bg3 Qc6 29. h4 Kh7 30. Qd3+ Kg8 31. Qe2 Kh7 32. Qd3+ Kg8 33. hxg5 hxg5 34. Re5
Rxc7 35. Rxg5+ Kf8 36. Be5 Ne4 37. Qh3 Nxd6 38. Qh8+ Ke7 39. Bf6+ {Black
resigns} 1-0

[Event "Team 45 45 League T59"]
[Site "Internet Chess Club"]
[Date "2013.11.22"]
[Round "1"]
[White "Leon13"]
[Black "TwinsburgOHUSA"]
[Result "0-1"]
[WhiteElo "1369"]
[BlackElo "1432"]
[Opening "Robatsch (modern) defense"]
[ECO "B06"]
[Time "19:00:44"]
[TimeControl "2700+45"]

1. e4 g6 2. Nf3 Bg7 3. Bc4 c6 4. Nc3 Nf6 5. d3 d6 6. h3 b5 7. Bb3 O-O 8. O-O a5
9. a4 b4 10. Ne2 c5 11. Nh2 Be6 12. f4 Bxb3 13. cxb3 Nc6 14. Rb1 e6 15. Ng3 Nd4
16. f5 e5 17. Bg5 Qb6 18. Ne2 Rac8 19. Nxd4 cxd4 20. Ng4 Nxg4 21. Qxg4 f6 22.
Bc1 g5 23. h4 h6 24. hxg5 hxg5 25. Qh5 Qb7 26. Rf3 Qf7 27. Qh2 Rfd8 28. g4 d5
29. exd5 Qxd5 30. Rh3 e4 31. dxe4 Qxe4 32. Ra1 Qe1+ 33. Kg2 Rc2+ {White resigns}
0-1

[Event "Team 45 45 League T59"]
[Site "Internet Chess Club"]
[Date "2013.11.24"]
[Round "1"]
[White "g8wrb"]
[Black "HorseRadish"]
[Result "0-1"]
[WhiteElo "1448"]
[BlackElo "1351"]
[Opening "Pirc: classical (two knights) system"]
[ECO "B06"]
[Time "15:15:41"]
[TimeControl "2700+45"]

1. e4 g6 2. d4 Bg7 3. Nf3 d6 4. Nc3 Nf6 5. Bc4 O-O 6. O-O Nbd7 7. Re1 b6 8. Bf4
Nh5 9. Bg5 h6 10. Be3 Bb7 11. Qd2 Kh7 12. Rad1 e6 13. Bb5 Nhf6 14. Qd3 a6 15.
Bc4 b5 16. Bb3 Nb6 17. a3 d5 18. exd5 Nfxd5 19. Nxd5 Nxd5 20. Bd2 Qd7 21. Ne5
Qd6 22. Qh3 Nf6 23. c3 Rad8 24. Re3 c5 25. dxc5 Qxd2 26. Rxd2 Rxd2 27. Nd3 Bd5
28. Bxd5 Nxd5 29. Rf3 Rd1+ {White resigns} 0-1

[Event "Team 45 45 League T59"]
[Site "Internet Chess Club"]
[Date "2013.11.25"]
[Round "1"]
[White "Andaluz"]
[Black "JohLeb"]
[Result "0-1"]
[WhiteElo "1184"]
[BlackElo "1405"]
[Opening "Sicilian: Boleslavsky variation, 7.Nb3"]
[ECO "B59"]
[Time "14:04:55"]
[TimeControl "2700+45"]

1. e4 c5 2. Nf3 Nc6 3. d4 cxd4 4. Nxd4 e5 5. Nb3 Nf6 6. Nc3 d6 7. Be2 Be7 8. O-O
Be6 9. Be3 a6 10. Nd2 b5 11. a3 O-O 12. b4 Qc7 13. Rc1 Rad8 14. Nd5 Bxd5 15.
exd5 Nxd5 16. Ne4 Nxe3 17. fxe3 d5 18. Ng3 Bg5 19. Kh1 Bxe3 20. Qd3 Bxc1 21.
Rxc1 e4 22. Qd1 Qe5 23. Bg4 Ne7 24. c3 f5 25. Bh5 f4 {White resigns} 0-1

[Event "Team 45 45 League T59"]
[Site "Internet Chess Club"]
[Date "2013.11.23"]
[Round "1"]
[White "parrot9"]
[Black "rookmaster23"]
[Result "1-0"]
[WhiteElo "1614"]
[BlackElo "1651"]
[Opening "Sicilian: Najdorf"]
[ECO "B90"]
[Time "14:00:50"]
[TimeControl "2700+45"]

1. e4 c5 2. Nf3 d6 3. d4 cxd4 4. Nxd4 Nf6 5. Nc3 a6 6. f3 e5 7. Nb3 Be6 8. Be3
Be7 9. Qd2 O-O 10. O-O-O Nbd7 11. g4 b5 12. g5 b4 13. Nd5 Nxd5 14. exd5 Bf5 15.
h4 a5 16. Bd3 Bxd3 17. Qxd3 Qc7 18. f4 exf4 19. Bxf4 Ne5 20. Bxe5 dxe5 21. d6
Bxd6 22. Qxd6 Qc4 23. Qxe5 a4 24. Qd4 axb3 25. Qxc4 bxa2 26. Kd2 Rfd8+ 27. Ke2
Rxd1 28. Rxd1 {Black resigns} 1-0

[Event "Team 45 45 League T59"]
[Site "Internet Chess Club"]
[Date "2013.11.21"]
[Round "1"]
[White "sdcohle"]
[Black "BrerRabbit"]
[Result "0-1"]
[WhiteElo "1473"]
[BlackElo "1546"]
[Opening "Pirc: Ufimtsev-Pytel variation"]
[ECO "B07"]
[Time "14:00:56"]
[TimeControl "2700+45"]

1. e4 d6 2. d4 Nf6 3. Nc3 c6 4. Nf3 Bg4 5. Be2 e6 6. O-O Be7 7. h3 Bh5 8. Bg5 h6
9. Bf4 d5 10. e5 Nfd7 11. Nh2 Bxe2 12. Qxe2 Qb6 13. Rab1 Qxd4 14. Rbd1 Qxf4 15.
Rfe1 Nb6 16. g3 Qf5 17. Rd4 N8d7 18. g4 Qg6 19. Rf4 Bg5 20. Rf3 Nc4 21. b3 Ncxe5
22. Rg3 O-O 23. Nf3 Nxf3+ 24. Rxf3 Bf6 25. Nd1 Qg5 26. Ne3 Nc5 27. Ng2 Nd7 28.
Rg3 Be5 29. h4 Qg6 30. f4 Bd4+ 31. Kh1 Qe4 32. Qd2 Qh7 33. Qxd4 g6 34. g5 Qg7
35. Qd2 h5 36. c3 Nc5 37. Qc2 Ne4 38. Rge3 Rfd8 39. R1e2 Qf8 40. Ne1 Qg7 41. Nd3
Qxc3 42. Qxc3 Nxc3 43. Rc2 Ne4 44. Ne5 Nd6 45. Rd2 Ne4 46. Rc2 Nd6 47. Rd2 a5
48. Red3 Nc8 49. a4 Nd6 50. Kg2 Ra6 51. Rd1 Rb6 52. Rc1 Rb4 53. Rf3 Nf5 54. Kh3
Nd4 55. Rd3 Rxb3 56. Rdc3 Rb4 57. Rd3 Nf5 58. Ra3 Rxf4 59. Nf3 Re4 60. Rc5 Ra8
61. Rb3 Re3 62. Rxe3 Nxe3 63. Ne5 Nf5 64. Nd7 Kg7 65. Rc2 Rd8 66. Nc5 Rb8 67.
Rb2 d4 68. Rd2 b6 69. Nb3 c5 70. Rb2 d3 71. Nxc5 Rd8 72. Ne4 Rd4 73. Nf2 d2 74.
Nd1 e5 75. Rxb6 e4 76. Rb3 e3 77. Nxe3 Nxe3 78. Rxe3 d1=Q 79. Ra3 Rd3+ 80. Rxd3
Qxd3+ {White resigns} 0-1

[Event "Team 45 45 League T59"]
[Site "Internet Chess Club"]
[Date "2013.11.23"]
[Round "1"]
[White "otib2006"]
[Black "Toalla"]
[Result "0-1"]
[WhiteElo "1305"]
[BlackElo "1288"]
[Opening "King's Indian: East Indian defense"]
[ECO "A48"]
[Time "11:04:19"]
[TimeControl "2700+45"]

1. d4 Nf6 2. Nf3 g6 3. e3 e6 4. Bd3 Bg7 5. Nbd2 O-O 6. O-O b6 7. Qe2 Bb7 8. e4
d6 9. c3 c5 10. Rb1 cxd4 11. cxd4 Re8 12. Bb5 Bc6 13. Bxc6 Nxc6 14. e5 dxe5 15.
dxe5 Nd5 16. Nc4 f6 17. Nd6 Re7 18. exf6 Nxf6 19. Ne4 Nxe4 20. Qxe4 Qd5 21. Qe2
e5 22. Rd1 Qe6 23. Ng5 Qf5 24. Ne4 Nd4 25. Qc4+ Qe6 26. Qd3 Rd7 27. Ng5 Qg4 28.
h3 Nf3+ 29. Qxf3 Rxd1+ 30. Kh2 Qxf3 31. Nxf3 Bh6 32. Nxe5 Rxc1 33. Rxc1 Bxc1 34.
Kg3 Bxb2 35. Nc4 Bd4 36. f4 Kf7 37. Kg4 Rd8 38. Kg5 Bf6+ 39. Kg4 Rd4 40. Ne3 b5
41. g3 h5+ 42. Kf3 Rd3 43. Ke2 Ra3 44. Kf3 Rxa2 45. g4 hxg4+ 46. hxg4 b4 47. g5
Bd4 48. Nd5 b3 49. Ke4 Rd2 50. f5 gxf5+ 51. Kxf5 b2 52. g6+ Kg7 53. Nf4 b1=Q+
54. Ke6 Qe1+ 55. Kd7 Be5+ {White resigns} 0-1

[Event "Team 45 45 League T59"]
[Site "Internet Chess Club"]
[Date "2013.11.28"]
[Round "1"]
[White "Tribe97"]
[Black "sere"]
[Result "0-1"]
[WhiteElo "1370"]
[BlackElo "1213"]
[Opening "Sicilian: Nimzovich-Rossolimo attack (without ...d6)"]
[ECO "B30"]
[Time "14:00:09"]
[TimeControl "2700+45"]

1. e4 c5 2. Nf3 Nc6 3. Bb5 Nf6 4. Bxc6 bxc6 5. e5 Nh5 6. Ng5 g6 7. Qf3 f5 8.
exf6 exf6 9. Qe3+ Qe7 10. Qxe7+ Bxe7 11. Nf3 Ba6 12. d3 O-O 13. O-O Rfe8 14.
Nbd2 Bd6 15. Ne4 Bc7 16. Nxc5 Bb5 17. Nxd7 Bd6 18. Nd4 Ba6 19. Nxc6 Bb5 20.
Nxf6+ Nxf6 21. Nd4 Bd7 22. Bg5 Ng4 23. h3 Nh2 24. Rfe1 Be5 25. c3 Rab8 26. g3
Bxd4 27. Kxh2 Bxf2 28. Rf1 Rxb2 29. Kh1 Bxh3 30. d4 Bxf1 31. Rxf1 Bxg3 32. c4
Rh2+ 33. Kg1 Ree2 {White resigns} 0-1

[Event "Team 45 45 League T59"]
[Site "Internet Chess Club"]
[Date "2013.11.22"]
[Round "1"]
[White "bardu"]
[Black "tornado100"]
[Result "0-1"]
[WhiteElo "1244"]
[BlackElo "1404"]
[Opening "QGD Slav: 4.Nc3"]
[ECO "D15"]
[Time "16:30:53"]
[TimeControl "2700+45"]

1. d4 d5 2. c4 c6 3. Nf3 Nf6 4. Nc3 Bf5 5. Bg5 e6 6. e3 h6 7. Bh4 Nbd7 8. Bd3
Bxd3 9. Qxd3 Bb4 10. Ne5 Be7 11. cxd5 exd5 12. Qf5 Nxe5 13. dxe5 Nd7 14. Bxe7
Qxe7 15. f4 O-O 16. O-O f6 17. e6 Nc5 18. Ne2 Qxe6 19. Qh3 Rae8 20. Rf3 Re7 21.
f5 Qd6 22. Rg3 Ne4 23. Rg4 Ng5 24. Qg3 Qxg3 25. Rxg3 Rfe8 26. h4 Nf7 27. Kf2 Nd6
28. Re1 Nxf5 29. h5 Nxg3 30. Nxg3 {White resigns} 0-1

[Event "Team 45 45 League T59"]
[Site "Internet Chess Club"]
[Date "2013.11.24"]
[Round "1"]
[White "Bizzy-Ketty"]
[Black "rhayder"]
[Result "1-0"]
[WhiteElo "1540"]
[BlackElo "1255"]
[Opening "Vienna game"]
[ECO "C28"]
[Time "17:44:35"]
[TimeControl "2700+45"]

1. e4 e5 2. Nc3 Nc6 3. Bc4 Nf6 4. d3 Bb4 5. Ne2 O-O 6. f4 d6 7. O-O Be6 8. Bb3
Bc5+ 9. Kh1 Nd4 10. Ng3 Nxb3 11. axb3 Bg4 12. Qe1 exf4 13. Bxf4 Nh5 14. Nxh5
Bxh5 15. Qg3 Kh8 16. Qh3 Bg6 17. Qg4 Bd4 18. h4 h5 19. Qg3 Bf6 20. Bg5 Bxg5 21.
Qxg5 Qxg5 22. hxg5 Rae8 23. Rxa7 Rb8 24. Rf3 c6 25. Rh3 Rfe8 26. g4 Kh7 27. gxh5
Re5 28. hxg6+ Kxg6 29. Ne2 Rxg5 30. Nf4+ Kf6 31. Rf3 Ke5 32. c3 Rh8+ 33. Rh3 Rh6
34. Rxh6 gxh6 35. Nh3 Rh5 36. Ra5+ c5 37. Kg2 f5 38. b4 fxe4 39. bxc5 Rh4 40.
c6+ d5 41. cxb7 Rg4+ 42. Kh2 exd3 43. b8=Q+ Ke4 44. Nf2+ Kf3 45. Nxg4 Kxg4 46.
Qg8+ Kf3 47. Qg2+ Ke3 48. Rxd5 d2 49. Qxd2+ Ke4 50. Ra5 Kf3 51. Ra4 h5 52. Rf4#
{Black checkmated} 1-0

[Event "Team 45 45 League T59"]
[Site "Internet Chess Club"]
[Date "2013.11.24"]
[Round "1"]
[White "arconia"]
[Black "MasterD"]
[Result "0-1"]
[WhiteElo "1229"]
[BlackElo "1209"]
[Opening "French defense"]
[ECO "C00"]
[Time "10:30:28"]
[TimeControl "2700+45"]

1. e4 e6 2. Nf3 d5 3. e5 c5 4. c3 Nc6 5. Be2 Bd7 6. O-O Qb6 7. h3 f6 8. d4 cxd4
9. cxd4 fxe5 10. dxe5 Nge7 11. Ng5 Ng6 12. Bh5 Nxe5 13. a4 a5 14. b3 Bc5 15. Bb2
O-O 16. Bxg6 Nxg6 17. Nxh7 Bxf2+ 18. Rxf2 Qxf2+ 19. Kh2 Kxh7 20. Qh5+ Kg8 21.
Qxg6 Qxb2 22. Ra3 Qe5+ 23. Kg1 Rac8 {White resigns} 0-1

[Event "Team 45 45 League T59"]
[Site "Internet Chess Club"]
[Date "2013.11.22"]
[Round "1"]
[White "ILoveChess108"]
[Black "oldbookseller"]
[Result "1-0"]
[WhiteElo "1138"]
[BlackElo "1018"]
[Opening "Giuoco Pianissimo: Italian four knights variation"]
[ECO "C55"]
[Time "17:49:50"]
[TimeControl "2700+45"]

1. e4 e5 2. Nf3 Nc6 3. Bc4 Nf6 4. Nc3 Bc5 5. d3 O-O 6. O-O d6 7. h3 Bd7 8. Be3
Nd4 9. Nd5 Be6 10. Nxf6+ Qxf6 11. c3 Bxh3 12. Nxd4 exd4 13. cxd4 Qg6 14. Qf3 Bd7
15. dxc5 d5 16. Bxd5 Bb5 17. Bxb7 Rad8 18. d4 Bd3 19. Rfd1 Bc4 20. b3 Be6 21. d5
Bg4 22. Qg3 Qxe4 23. f3 Qxe3+ 24. Qf2 Qf4 25. fxg4 Qxg4 26. d6 cxd6 27. cxd6 Rd7
28. Bc6 Re8 29. Bxd7 Qxd7 30. Rac1 f6 31. Rc7 Qg4 32. Qf3 Re1+ 33. Rxe1 Qd4+ 34.
Kh1 Qh4+ 35. Qh3 Qxe1+ 36. Kh2 Qe5+ 37. g3 Qxd6 38. Qc8+ Qf8 39. Qxf8+ Kxf8 40.
Rxa7 h6 41. b4 g5 42. b5 f5 43. b6 f4 44. gxf4 gxf4 45. Kg2 f3+ 46. Kxf3 h5 47.
b7 Kf7 48. b8=Q+ Kg6 49. Qb6+ Kf5 50. Ra5# {Black checkmated} 1-0

[Event "Team 45 45 League T59"]
[Site "Internet Chess Club"]
[Date "2013.11.25"]
[Round "1"]
[White "Conjurer"]
[Black "tamky70"]
[Result "1/2-1/2"]
[WhiteElo "1377"]
[BlackElo "1381"]
[Opening "English: Carls' Bremen system"]
[ECO "A22"]
[Time "13:02:09"]
[TimeControl "2700+45"]

1. c4 e5 2. Nc3 Nf6 3. g3 Nc6 4. Bg2 d6 5. Nf3 Bd7 6. O-O Qc8 7. d4 exd4 8. Nxd4
Be7 9. e4 Bh3 10. f4 Bxg2 11. Kxg2 O-O 12. h3 Re8 13. Re1 Nxd4 14. Qxd4 c5 15.
Qf2 Qc6 16. Nd5 Nxd5 17. exd5 Qc7 18. b3 Bf6 19. Bb2 Bxb2 20. Qxb2 Qd7 21. Re2
Re7 22. Rae1 Rae8 23. g4 Rxe2+ 24. Rxe2 Rxe2+ 25. Qxe2 Kf8 26. f5 Qe7 27. Kf3
Qxe2+ 28. Kxe2 Ke7 29. Ke3 Kf6 30. Kf4 h6 31. a4 a5 32. h4 g5+ 33. fxg6 fxg6 34.
g5+ hxg5+ 35. hxg5+ Kg7 36. Ke4 Kf7 37. Kd3 Ke7 38. Kc3 Kd7 39. b4 cxb4+ 40. Kd4
b6 41. Kd3 Kc7 {Game drawn by mutual agreement} 1/2-1/2

[Event "Team 45 45 League T59"]
[Site "Internet Chess Club"]
[Date "2013.11.22"]
[Round "1"]
[White "Tribe97"]
[Black "Toalla"]
[Result "1-0"]
[WhiteElo "1394"]
[BlackElo "1269"]
[Opening "French: advance, Paulsen attack"]
[ECO "B41"]
[Time "19:00:59"]
[TimeControl "2700+45"]

1. e4 c5 2. Nf3 e6 3. d4 d5 4. e5 Nc6 5. c3 c4 6. Nbd2 Be7 7. b4 b5 8. a4 Qb6 9.
axb5 Qxb5 10. Be2 Nh6 11. Nf1 Nf5 12. Bg5 O-O 13. Bxe7 Nfxe7 14. Ng3 g6 15. h4
a5 16. h5 Bb7 17. hxg6 Nxg6 18. Ng5 axb4 19. Rxa8 Rxa8 20. Rxh7 Nh8 21. Nh5 Qa4
22. Nf6+ Kf8 23. Rxh8+ Ke7 24. Rxa8 Qxa8 25. cxb4 Nxb4 26. Qb1 Nc6 27. Qb5 Qa1+
28. Bd1 Qc3+ 29. Kf1 Qb4 30. Qxb4+ Nxb4 31. Ba4 Bc6 32. Bxc6 Nxc6 33. Nf3 c3 34.
Ke1 Kf8 35. Kd1 Nb4 36. Kc1 Nd3+ 37. Kc2 Nxf2 38. Kxc3 Kg7 39. Kb4 Kg6 40. Kc5
Nd3+ 41. Kd6 Kg7 42. Ke7 Nf4 43. g4 Ng6+ 44. Ke8 Nf4 45. Nh5+ Nxh5 46. gxh5 Kg8
47. Ng5 Kg7 48. Nxf7 Kh7 49. Ke7 {Black resigns} 1-0

[Event "Team 45 45 League T59"]
[Site "Internet Chess Club"]
[Date "2013.11.23"]
[Round "1"]
[White "WilmaP"]
[Black "Rococo"]
[Result "0-1"]
[WhiteElo "1115"]
[BlackElo "1234"]
[Opening "Scandinavian (center counter) defense"]
[ECO "B01"]
[Time "13:01:08"]
[TimeControl "2700+45"]

1. e4 d5 2. exd5 Qxd5 3. Nc3 Qa5 4. Nf3 Bf5 5. d3 e6 6. Bd2 c6 7. Nd5 Qxd5 8.
Be2 Qd8 9. d4 Bd6 10. O-O Nd7 11. Re1 Qc7 12. Bd3 Bg4 13. g3 O-O-O 14. b4 f5 15.
Kg2 f4 16. Qc1 Bxf3+ 17. Kxf3 fxg3 18. hxg3 Rf8+ 19. Kg2 Re8 20. Bf4 Ngf6 21.
Bxd6 Qxd6 22. Qa3 Kc7 23. c3 Ra8 24. Qb3 e5 25. Rad1 exd4 26. Re6 Qd5+ 27. Be4
Nxe4 28. Rxd4 Qxb3 29. axb3 Nxc3 30. Re7 Nd5 31. b5 Nxe7 32. f4 Rad8 33. bxc6
bxc6 34. Ra4 Ra8 35. Re4 Nd5 36. f5 Rhe8 37. Rh4 Ne3+ 38. Kf3 Nxf5 39. Rxh7 Rh8
40. Rxh8 Rxh8 41. Kf4 Nd4 42. b4 Rf8+ 43. Ke4 Nb5 44. Ke3 c5 45. bxc5 Nxc5 46.
g4 Rd8 47. Kf4 a5 48. Kf5 a4 49. Kg6 a3 50. Kxg7 a2 51. g5 a1=Q+ 52. Kf7 Qa8 53.
g6 Rd7+ 54. Kf6 Qg8 55. Kf5 Rg7 56. Kf6 Rxg6+ 57. Ke7 Qh7+ 58. Ke8 Rg8# {White
checkmated} 0-1

[Event "Team 45 45 League T59"]
[Site "Internet Chess Club"]
[Date "2013.11.24"]
[Round "1"]
[White "wildangels"]
[Black "wekabird"]
[Result "1-0"]
[WhiteElo "1141"]
[BlackElo "1099"]
[Opening "Réti opening"]
[ECO "A04"]
[Time "20:00:28"]
[TimeControl "2700+45"]

1. Nf3 c6 2. e4 d5 3. d3 e6 4. Nbd2 Nf6 5. g3 Be7 6. Bg2 Bd7 7. O-O O-O 8. e5
Ne8 9. d4 c5 10. c3 c4 11. Re1 f6 12. Nf1 fxe5 13. dxe5 Nc6 14. Bf4 Bg5 15. Nxg5
Rxf4 16. gxf4 h6 17. h4 hxg5 18. hxg5 Ne7 19. Qh5 g6 20. Qh6 Nf5 21. Qxg6+ Neg7
22. Re3 Qf8 23. Rh3 Qe7 24. Ne3 Rf8 25. Ng4 Be8 26. Nf6+ Rxf6 27. Qh7+ Kf7 28.
gxf6 Qd7 29. Bf3 Qb5 30. Bh5+ Kf8 31. Qh8# {Black checkmated} 1-0

[Event "Team 45 45 League T59"]
[Site "Internet Chess Club"]
[Date "2013.11.21"]
[Round "1"]
[White "Aquaman"]
[Black "SeniorCitizen"]
[Result "0-1"]
[WhiteElo "1355"]
[BlackElo "1238"]
[Opening "French: King's Indian attack"]
[ECO "C00"]
[Time "15:00:45"]
[TimeControl "2700+45"]

1. e4 e6 2. d3 d5 3. Nd2 Nf6 4. g3 Be7 5. Bg2 O-O 6. Ngf3 dxe4 7. dxe4 c6 8. O-O
Nbd7 9. Re1 Bc5 10. h3 Qb6 11. Qe2 Nh5 12. Nc4 Nxg3 13. Nxb6 Nxe2+ 14. Rxe2 Bxb6
15. b3 Nf6 16. Bb2 Nh5 17. Rd2 Nf4 18. Bf1 Bc7 19. e5 Ng6 20. Re1 c5 21. Re4 b6
22. Rg4 Bb7 23. Bg2 Bxf3 24. Bxf3 Rad8 25. Re2 Ne7 26. Be4 Rd1+ 27. Kg2 Rfd8 28.
Bd3 Ng6 29. f4 Ne7 30. h4 Nd5 31. a3 Rb1 32. c4 Nc3 33. Bxb1 Nxe2 34. Kf3 Rd2
35. Ba1 Rd1 36. Be4 Rxa1 37. Kxe2 Rxa3 38. Rg3 Ra2+ 39. Kd3 Rh2 40. Rg4 Rh3+ 41.
Kc2 Re3 42. Bd3 Rf3 43. Kd2 g6 44. Ke2 Rh3 45. Kd2 Kg7 46. Kc2 Bd8 47. f5 Rxh4
48. Rg2 exf5 49. Bxf5 Rf4 50. Bd3 Rh4 51. Rd2 Rd4 52. Re2 Kf8 53. Kc3 Ke7 54. b4
Ke6 55. bxc5 bxc5 56. Be4 Rd1 57. Bd5+ Ke7 58. e6 f6 59. Kc2 Rg1 60. Kb3 h5 61.
Rh2 Rg5 62. Rh3 f5 63. Ka4 Rg4 64. Kb5 Bb6 65. Rf3 h4 66. Rh3 f4 67. Kc6 g5 68.
Rh2 h3 69. Rxh3 Rh4 70. Rf3 Rg4 71. Rf2 Rh4 72. Re2 g4 73. Rf2 f3 74. Kb5 Rh5
75. Kc6 Rf5 76. Kb5 g3 77. Rxf3 Rxf3 78. Bxf3 Kxe6 79. Bd5+ Ke5 80. Bg2 Kf4 81.
Ka6 Ke3 82. Kb5 Kf2 83. Bd5 g2 84. Bxg2 Kxg2 85. Ka6 Kf2 86. Kb5 Ke3 87. Ka4 Kd4
88. Kb5 a5 89. Kxb6 a4 90. Kb5 a3 91. Ka4 a2 {White resigns} 0-1

[Event "Team 45 45 League T59"]
[Site "Internet Chess Club"]
[Date "2013.11.22"]
[Round "1"]
[White "medsurg"]
[Black "semperfi"]
[Result "0-1"]
[WhiteElo "1305"]
[BlackElo "1408"]
[Opening "French: exchange variation"]
[ECO "C01"]
[Time "20:02:47"]
[TimeControl "2700+45"]

1. e4 e6 2. d4 d5 3. exd5 exd5 4. Nf3 Nf6 5. Nc3 Bb4 6. Bd3 c5 7. O-O O-O 8. a3
Bxc3 9. bxc3 c4 10. Be2 Ne4 11. Bb2 Qb6 12. Ra2 Qa5 13. Qa1 Bg4 14. Re1 Nd7 15.
Ne5 Nxe5 16. Bxg4 Ng6 17. Bf5 Rfe8 18. Bxe4 dxe4 19. Re3 Nf4 20. Qf1 Qg5 21. Bc1
Qd5 22. g3 Ng6 23. Qg2 b5 24. Bd2 a5 25. Re1 Qf5 26. Be3 Qf3 27. Raa1 Qxg2+ 28.
Kxg2 Ne7 29. f4 Nd5 30. Bd2 e3 31. Bc1 Nxc3 32. Bxe3 Nd5 33. Bf2 a4 34. Kf3 Kf8
35. Re5 Rad8 36. Rae1 f6 37. Rxe8+ Rxe8 38. Rxe8+ Kxe8 39. Ke4 Nc3+ 40. Kf3 Nb1
41. Ke2 Nxa3 42. Kd1 b4 43. d5 b3 44. cxb3 axb3 45. Bd4 Nb5 46. Bc5 b2 47. Kc2
c3 48. Bb4 Kd7 49. Bf8 Nd4+ 50. Kb1 c2+ 51. Kxb2 Ke8 52. Bc5 c1=Q+ 53. Kxc1 Nb3+
54. Kc2 Nxc5 55. Kc3 Kd7 56. Kd4 Kd6 57. g4 h6 58. h4 Nb3+ 59. Ke4 Nd2+ 60. Kf5
Kxd5 61. Kg6 Ke4 62. Kxg7 Kxf4 63. Kxf6 Kxg4 64. Kg6 h5 65. Kf6 Kxh4 {White
resigns} 0-1

[Event "Team 45 45 League T59"]
[Site "Internet Chess Club"]
[Date "2013.11.23"]
[Round "1"]
[White "Fogbound"]
[Black "rgadoury"]
[Result "1-0"]
[WhiteElo "1370"]
[BlackElo "1337"]
[Opening "King's Indian: London system"]
[ECO "A45"]
[Time "14:02:02"]
[TimeControl "2700+45"]

1. d4 Nf6 2. Bf4 g6 3. Nf3 Bg7 4. e3 d6 5. Be2 O-O 6. c3 Nbd7 7. Nbd2 a6 8. O-O
b5 9. Qc2 Bb7 10. Rfe1 d5 11. h3 Ne4 12. Bd3 Nxd2 13. Qxd2 Nf6 14. Qc2 Ne4 15.
Ng5 Nxg5 16. Bxg5 Re8 17. Qe2 f6 18. Bh4 Qd6 19. Bg3 e5 20. Rac1 Qe7 21. dxe5
fxe5 22. Qg4 e4 23. Bc2 Bc8 24. Qe2 Be5 25. Rf1 Bxg3 26. fxg3 Qe5 27. Rf4 Bd7
28. Rcf1 Rf8 29. Bb3 Rxf4 30. exf4 Qd6 31. Qxe4 c6 32. Qd4 Be6 33. Re1 c5 34.
Qf6 Re8 35. Bd1 c4 36. Bg4 Qc5+ 37. Kh2 Qe7 38. Bxe6+ Qxe6 39. Rxe6 {Black
resigns} 1-0

[Event "Team 45 45 League T59"]
[Site "Internet Chess Club"]
[Date "2013.11.24"]
[Round "1"]
[White "tcianciola"]
[Black "RobertBuice"]
[Result "1-0"]
[WhiteElo "1182"]
[BlackElo "1030"]
[Opening "Four knights: Italian variation"]
[ECO "C55"]
[Time "09:00:36"]
[TimeControl "2700+45"]

1. e4 e5 2. Nf3 Nc6 3. Bc4 Nf6 4. Nc3 Bb4 5. O-O O-O 6. d3 Bxc3 7. bxc3 d5 8.
exd5 Nxd5 9. Bb2 Bg4 10. h3 Bxf3 11. Qxf3 Nb6 12. Bb3 Na5 13. Ba3 Re8 14. Bxf7+
Kh8 15. Bxe8 Qxe8 16. Rfe1 Nc6 17. Qg3 Na4 18. d4 Nxc3 19. Qxc3 Qh5 20. Bb2 exd4
21. Qd2 Qh4 22. c3 Rf8 23. cxd4 Nb4 24. Ba3 g5 25. Bxb4 Qxf2+ 26. Qxf2 Rxf2 27.
Kxf2 Kg7 28. Re7+ Kf6 29. Rxc7 h5 30. Rxb7 Kf5 31. Rb5+ Kf4 32. Bd2+ Ke4 33.
Rxg5 Kxd4 34. Rxh5 Kd3 35. Bh6 Kd4 36. Rb1 Kc3 37. Bg7+ Kc2 38. Rb3 a6 39. Re5
a5 40. Re2+ Kd1 41. Rb1# {Black checkmated} 1-0

[Event "Team 45 45 League T59"]
[Site "Internet Chess Club"]
[Date "2013.11.24"]
[Round "1"]
[White "xt"]
[Black "room-matt"]
[Result "0-1"]
[WhiteElo "1656"]
[BlackElo "1824"]
[Opening "Giuoco Piano"]
[ECO "C54"]
[Time "12:10:37"]
[TimeControl "2700+45"]

1. e4 e5 2. Nf3 Nc6 3. Bc4 Bc5 4. c3 Nf6 5. d4 exd4 6. e5 d5 7. Bb5 Ne4 8. cxd4
Bb6 9. Nc3 Bd7 10. Nxd5 Ba5+ 11. Bd2 Nxd2 12. Nxd2 Nxd4 13. Bxd7+ Qxd7 14. Nc3
O-O-O 15. Nb3 Bb6 16. O-O Qf5 17. Na4 Nc2 18. Nxb6+ axb6 19. Qe2 Nxa1 20. Nxa1
Rhe8 21. f4 Qd3 22. Qg4+ Kb8 23. Qxg7 Rg8 24. Qxf7 Qe3+ 25. Kh1 Qe2 26. Rg1 Rxg2
27. Rxg2 Rd1+ {White resigns} 0-1

[Event "Team 45 45 League T59"]
[Site "Internet Chess Club"]
[Date "2013.11.21"]
[Round "1"]
[White "jps7"]
[Black "rookmaster23"]
[Result "0-1"]
[WhiteElo "1642"]
[BlackElo "1670"]
[Opening "Queen's pawn game, Rubinstein (Colle-Zukertort) variation"]
[ECO "D05"]
[Time "20:00:11"]
[TimeControl "2700+45"]

1. d4 Nf6 2. Nf3 d5 3. e3 e6 4. Bd3 c5 5. b3 Bd6 6. O-O O-O 7. Bb2 Nc6 8. a3 Qc7
9. dxc5 Bxc5 10. Bxf6 gxf6 11. Nbd2 e5 12. Nh4 e4 13. Be2 Bd6 14. g3 Bh3 15. Re1
Kh8 16. Bg4 Bxg4 17. Qxg4 Rg8 18. Qf5 Be5 19. Rab1 Rg5 20. Qh3 Bc3 21. Re2 Qa5
22. Nf1 Qxa3 23. Qd7 Qa6 24. Ree1 Bxe1 25. Rxe1 Ne5 26. Qe7 Ng6 27. Nxg6+ fxg6
28. Rd1 Qc6 29. h4 Re5 30. Qb4 b6 31. c4 dxc4 32. bxc4 Rc8 33. Rd4 Rc5 34. Nd2
f5 35. Qb2 Kg8 36. Qa3 Ra5 37. Qb2 Qc7 38. Nb3 Ra4 39. Nd2 Rd8 40. Qb3 Rxd4 41.
exd4 Ra1+ 42. Kg2 Qd7 43. d5 Qd6 44. Qb2 Ra5 45. Nb3 Ra4 46. Nd4 Rxc4 47. Ne6
Qe7 48. Qa2 b5 49. Qa6 Rc2 50. Qxb5 e3 51. Qb8+ Kf7 52. Nd8+ Kf6 53. Nc6 Qe4+
54. Kh3 Qh1# {White checkmated} 0-1